 Dungeon Crawl Stone Soup version 0.27.1-34-g3ba077fa99 (webtiles) character file.

Game seed: 242374142396740223

155 belegose the Chucker (level 5, -1/42 HPs)
             Began as a Draconian Arcane Marksman on Jan 10, 2022.
             Slain by a wight (12 damage)
             ... on level 3 of the Dungeon.
             The game lasted 00:10:00 (4711 turns).

belegose the Chucker (Draconian Arcane Marksman)    Turns: 4711, Time: 00:10:01

Health: -1/42      AC:  5    Str: 12    XL:     5   Next: 14%
Magic:  6/6        EV: 12    Int: 14    God:
Gold:   92         SH:  0    Dex: 12    Spells: 5/6 levels left

rFire    + . .     SeeInvis .   p - staff of fire
rCold    . . .     Faith    .   (no shield)
rNeg     . . .     Spirit   .   (armour unavailable)
rPois    .         Reflect  .   (helmet restricted)
rElec    .         Harm     .   q - scarf {shadows}
rCorr    .         Rampage  .   (no gloves)
Will     .....                  (no boots)
Stlth    ++........             (no amulet)
HPRegen  0.14/turn              (no ring)
MPRegen  0.10/turn              (no ring)

@: no status effects
A: AC +5, unfitting armour, cold-blooded
a: no special abilities


You were on level 3 of the Dungeon.
You visited 1 branch of the dungeon, and saw 4 of its levels.

You collected 92 gold pieces.

Inventory:

Hand Weapons
 f - a +0 dagger
Missiles
 a - a javelin (quivered)
 b - 2 throwing nets
 e - 47 stones
 i - 4 poisoned darts
Armour
 q - a scarf of shadows (worn)
Magical Staves
 p - a staff of fire (weapon)
Scrolls
 c - 3 scrolls of immolation {unknown}
 d - a scroll of noise {unknown}
 g - a scroll of vulnerability {unknown}
 j - 2 scrolls of identify {unknown}
 m - 2 scrolls of summoning {unknown}
 o - 2 scrolls of brand weapon {unknown}
 s - a scroll of fear {unknown}
Potions
 h - a potion of mutation {unknown}
 k - a potion of magic {unknown}
 l - a potion of lignification {unknown}
 n - 2 potions of brilliance {unknown}
 r - a potion of flight {unknown}


   Skills:
 + Level 2.5 Fighting
 + Level 1.7 Short Blades
 + Level 2.7 Throwing
 + Level 2.7 Dodging
 + Level 1.9 Stealth
 - Level 1.0 Spellcasting
 - Level 2.6 Hexes


You had 5 spell levels left.
You knew the following spells:

 Your Spells              Type           Power      Damage    Failure   Level
a - Corona                Hex            8%         N/A       9%          1

Your spell library contained the following spells:

 Spells                   Type           Power      Damage    Failure   Level
 Slow                     Hex            8%         N/A       13%         2
 Animate Skeleton         Necr           0%         N/A       26%         1
 Pain                     Necr           0%         1d4       26%         1
 Inner Flame              Hex/Fire       6%         N/A       41%         3
 Portal Projectile        Hex/Tloc       8%         N/A       41%         3
 Vampiric Draining        Necr           0%         2d6       61%         3
 Cause Fear               Hex            4%         N/A       65%         4


Dungeon Overview and Level Annotations

Branches:
Dungeon (4/15)
 Temple: D:4-7

Altars:
Beogh

Shops:
D:3 (   D:4 =

Annotations:
D:3 2 transporters, Terence; bronco's ghost, amateur OpVM
D:4 1 runed translucent door, exclusion: phantom


Innate Abilities, Weirdness & Mutations

Your plain brown scales are hard. (AC +5)
You cannot fit into any form of body armour.
You are cold-blooded and may be slowed by cold attacks.


Message History

There is a stone staircase leading up, spattered with blood here.
Throw: 5 javelins
Press: ? - help, Q - select action, (/) - cycle Shift-Dir - straight line, f - wight
Aim: a wight, wielding a +4 long sword and wearing a +0 robe (59% to hit)
You throw a javelin. The javelin pierces through the wight.
The wight is lightly damaged.
Unknown command.
Throw: 4 javelins
Press: ? - help, Q - select action, (/) - cycle Shift-Dir - straight line, f/p - wight
Aim: a wight, wielding a +4 long sword and wearing a +0 robe (lightly damaged, 59% to hit)
You throw a javelin. The javelin closely misses the wight.
Unknown command.
Throw: 3 javelins
Press: ? - help, Q - select action, (/) - cycle Shift-Dir - straight line, f/p - wight
Aim: a wight, wielding a +4 long sword and wearing a +0 robe (lightly damaged, 59% to hit)
You throw a javelin.
The javelin pierces through the wight but does no damage.
The wight is lightly damaged.
The wight hits you with a +4 long sword!
Throw: 2 javelins
Press: ? - help, Q - select action, (/) - cycle Shift-Dir - straight line, f/p - wight
Aim: a wight, wielding a +4 long sword and wearing a +0 robe (lightly damaged, 59% to hit)
You throw a javelin. The javelin pierces through the wight.
The wight is heavily damaged.
The wight hits you with a +4 long sword! x2
Throw: javelin
Press: ? - help, Q - select action, (/) - cycle Shift-Dir - straight line, f/p - wight
Aim: a wight, wielding a +4 long sword and wearing a +0 robe (heavily damaged, 59% to hit)
Okay, then.
The wight hits you with a +4 long sword!
* * * LOW HITPOINT WARNING * * *
You climb upwards.
Level annotation: 2 transporters, Terence; bronco's ghost, amateur OpVM
There is a stone staircase leading down here.
There is a stone staircase leading up here.
Okay, then.
There is a stone staircase leading down here.
There is a stone staircase leading up here.
The wight hits you with a +4 long sword!
You die...

#..........#..............#.#
######...##.##..>###.#.###..###.#
.....#..###.###.## #.#.###...##.#
####.#..# #.##...###.......#.....
.....)..# #.#.....########...#.##
####.##.###........# #.###..##
##.##.##....(....# #.# #....
#..##.###........######.###..##
#.............@z..<......>...#.
###.###.######...################
.....##)## ##### # ###..#.)>#####
#..#.())...# #......###.#
#...#### #.# #...# #.## #...#
#..#


You could see a wight.

Vanquished Creatures
  A bullfrog skeleton (D:4)
  5 adders
  A worm (D:3)
  5 dart slugs
  An orc (D:4)
  8 ball pythons
  7 endoplasms
  4 hobgoblins
  8 jackals
  7 bats
  2 frilled lizards
  6 goblins
  8 kobolds
  5 rats
68 creatures vanquished.

Notes
Turn   | Place    | Note
-------+----------+-------------------------------------------
     0 | D:1      | belegose the Draconian Arcane Marksman began the quest for
                  | the Orb.
     0 | D:1      | Reached XP level 1. HP: 16/16 MP: 2/2
   587 | D:1      | Reached XP level 2. HP: 13/23 MP: 3/3
   916 | D:1      | Found a faded altar of an unknown god.
  1086 | D:1      | Reached skill level 1 in Stealth
  1939 | D:2      | Reached XP level 3. HP: 21/29 MP: 4/4
  2149 | D:2      | Reached skill level 1 in Short Blades
  2507 | D:2      | Reached XP level 4. HP: 36/36 MP: 5/5
  2976 | D:3      | Noticed Terence
  3031 | D:3      | Found Mapeititt's Antique Weapon Boutique.
  3064 | D:3      | Noticed bronco's ghost (amateur OpVM)
  3077 | D:3      | Found a transporter.
  3088 | D:3      | Found a transporter.
  3705 | D:4      | Noticed a kobold brigand
  3738 | D:4      | Found Ethepefe's Jewellery Emporium.
  3795 | D:4      | Noticed a phantom
  4330 | D:4      | Found a runed translucent door.
  4547 | D:4      | Reached XP level 5. HP: 31/42 MP: 6/6
  4646 | D:4      | HP: 2/42 [wight (11)]
  4711 | D:3      | Slain by a wight

Illustrated notes

Levels and vault maps discovered:
D:1:      elethiomel_arrival_infinity_welcomes_careful_drivers, layout_basic,
          hellmonk_ecumenical_altar_pennies_from_heaven
D:2:      layout_basic
D:3:      layout_loops_ring, gammafunk_ghost_arena, serial_shops, shop,
          kennysheep_orc_chapel, uniq_terence
D:4:      cheibrodos_thug_alley, layout_rooms, grunt_temple_overflow_cloverleaf,
          ebering_ghost_sewer_d, serial_shops, shop

Skill      XL: |  1  2  3 |
---------------+----------+-----
Throwing       | 2 |  2.7
Dodging        | 2 |  2.7
Stealth        | 1 |  1.9
Fighting       | 2 |  2.5
Short Blades   | 1 |  1.7
Spellcasting   | |  1.0
Hexes          | |  2.6

Action                   |  1- 3 |  4- 6 || total
-------------------------+-------+-------++-------
Melee: Unarmed           |    30 |       ||    30
       Dagger            |   138 |   153 ||   291
       Tailslap          |    21 |    18 ||    39
       Staff             |       |    10 ||    10
Throw: Javelin           |    11 |     4 ||    15
       Dart              |       |     4 ||     4
 Stab: Sleeping          |     1 |     5 ||     6
Armor: Skin              |    57 |    63 ||   120
Dodge: Dodged            |    90 |   115 ||   205
